 Dungeon Crawl Stone Soup version 0.31-a0-833-gc15d34cb79 (webtiles) character file.

Game seed: 8093751679545438877

687 javelincjr the Insei (level 7, -1/52 HPs)
             Began as a Demonspawn Shapeshifter on Sept 25, 2023.
             Was an Initiate of Wu Jian.
             Slain by a gnoll
             ... wielding a +0 flail
              (5 damage)
             ... on level 5 of the Dungeon.
             The game lasted 00:11:08 (4079 turns).

javelincjr the Insei (Demonspawn Shapeshifter)      Turns: 4079, Time: 00:11:08

Health: -1/52      AC:  7    Str: 20    XL:     7   Next: 35%
Magic:  7/7        EV: 11    Int: 11    God:    Wu Jian [......]
Gold:   328        SH:  5    Dex: 15    Spells: 6/6 levels left

rFire   . .          .
                       - Unarmed
rCold   + . .        (no shield)
rNeg    . . .        u - +1 scale mail {Will+}
rPois   .            (helmet currently unavailable)
rElec   .            (cloak currently unavailable)
rCorr   .            (gloves currently unavailable)
SInv    .            (boots currently unavailable)
Will    +....        i - amulet of reflection Stlth
                     e - ring of protection from cold
HPRegen 1.28/turn    s - +6 ring of strength
MPRegen 0.10/turn

%: reflection
@: beast-form
A: beast (slay +2), demonic guardian 1, powered by death 1, weakness stinger 1
a: Begin Untransformation, Renounce Religion


You were on level 5 of the Dungeon.
You worshipped Wu Jian.
Wu Jian was noncommittal.
You were a hulking beast.
You visited 2 branches of the dungeon, and saw 6 of its levels.

You collected 328 gold pieces.

Inventory:

Hand Weapons
 o - a +2 dagger of speed
Armour
 a - a +0 animal skin
 f - a +0 kite shield
 u - a +1 scale mail of willpower (worn)
 z - a +0 ring mail of fire resistance
 A - a +0 cloak
Jewellery
 e - a ring of protection from cold (left hand)
 i - an amulet of reflection (around neck)
 s - a +6 ring of strength (right hand)
Talismans
 c - a beast talisman (active)
 d - a flux talisman
Wands
 y - a wand of charming (17)
Scrolls
 h - a scroll of blinking {unknown}
 j - 7 scrolls of identify {unknown}
 k - 4 scrolls of teleportation {unknown}
 l - a scroll of acquirement {unknown}
 n - a scroll of immolation {unknown}
 v - a scroll of butterflies {unknown}
 x - a scroll of amnesia {unknown}
 C - a scroll of torment {unknown}
 D - a scroll of noise {unknown}
Potions
 b - a potion of lignification
 g - 2 potions of magic {unknown}
 m - 2 potions of cancellation {unknown}
 p - a potion of invisibility {unknown}
 q - a potion of enlightenment {unknown}
 r - 2 potions of curing {unknown}
 t - 2 potions of attraction {unknown}
 w - 2 potions of heal wounds {unknown}
 B - 2 potions of brilliance {unknown}


   Skills:
 + Level 3.2 Fighting
 + Level 3.3 Dodging
 * Level 5.0 Unarmed Combat
 * Level 4.8 Shapeshifting


You had 6 spell levels left.
You didn't know any spells.
Your spell library contained the following spells:

 Spells                   Type           Power      Damage    Failure   Level
 Freeze                   Ice            0%         1d3       71%         1
 Frozen Ramparts          Ice            0%         1d1       97%         3
 Hailstorm                Conj/Ice       0%         3d3       97%         3


Dungeon Overview and Level Annotations

Branches:
Dungeon (5/15)             Temple (1/1) D:5

Altars:
Ashenzari
Cheibriados
Fedhas
Hepliaklqana
Kikubaaqudgha
Makhleb
Nemelex Xobeh
Okawaru
Qazlal
Ru
Trog
Uskayaw
Vehumet
Wu Jian
Xom


Innate Abilities, Weirdness & Mutations

You are a hulking beast.
Your limbs bulge with bestial killing power. (Slay +2)
A weak demonic guardian rushes to your aid.
You regenerate a little health from kills.
You have a small tail.


Message History

The hound attacks as it pursues you! The hound bites you but does no damage.
You block the gnoll's attack. x2
The gnoll hits you with a +0 flail. The gnoll hits you with a +0 spear.
The hound bites you but does no damage. The gnoll misses you.
You block the gnoll's attack. The hound barely misses you.
The gnoll hits you but does no damage. You block the hound's attack.
You miss the hound. The hound bites you. The gnoll barely misses you.
The gnoll hits you with a +0 flail.
You barely miss the hound. Your punch misses the hound.
The hound closely misses you. The gnoll completely misses you.
The gnoll barely misses you. The hound completely misses you.
You closely miss the gnoll.
The gnoll is heavily wounded.
The hound bites you.
* * * LOW HITPOINT WARNING * * *
The gnoll closely misses you. You block the gnoll's attack.
You hit the hound. You tail-slap the hound.
The hound is moderately wounded.
The hound bites you but does no damage.
The gnoll hits you from afar with a +0 spear.
* * * LOW HITPOINT WARNING * * *
A demonic guardian appears!
The gnoll hits you with a +0 flail.
* * * LOW HITPOINT WARNING * * *
The hound barely misses you. The gnoll attacks as it pursues you!
The gnoll hits you from afar with a +0 spear.
* * * LOW HITPOINT WARNING * * *
Your shadow imp gestures at the gnoll.
The hound writhes in agony!
You see here a grey potion.
You hit the hound.
You kill the hound!
The Council accepts your kill. The gnoll barely misses you.
The gnoll hits you but does no damage.
You barely miss the gnoll.
You tail-slap the gnoll, but do no damage.
The gnoll is heavily wounded.
The gnoll hits you with a +0 flail.
You die...

..###..# ##.#######
.......# #........#
>..⌠...# #.$. ....
.......####.####.###
..###.......##.....##
[.#.....)...#.......#
).#......†..#.......#.##
......)###....gg_.......
######...#..#..5h...#..
..# ###.##.#.......# ..#
.##.##.....## ..#
##.####.### ### ... ....
#.. ###.# .... .# #


You could see 2 gnolls and a friendly shadow imp (summoned).

Vanquished Creatures
  2 scorpions
  2 hounds (D:5)
  2 orc priests (D:4)
  Ijyb (D:3)
  Terence (D:2)
  Natasha (thrice) (D:2)
  2 iguanas
  An orc wizard (D:5)
  5 adders
  4 gnolls
  An ufetubus (D:5)
  5 dart slugs
  5 orcs
  3 bats
  9 endoplasms
  4 giant cockroaches
  19 goblins
  12 hobgoblins
  3 jackals (D:1)
  2 quokkas (D:1)
  3 ball pythons
  A frilled lizard (D:1)
  10 kobolds
  7 rats
107 creatures vanquished.

Vanquished Creatures (collateral kills)
  A hound (D:4)
  An adder (D:4)
  An orc (D:4)
  A kobold (D:2)
  A quokka (D:2)
  A frilled lizard (D:2)
6 creatures vanquished.

Grand Total: 113 creatures vanquished

Notes
Turn   | Place    | Note
-------+----------+-------------------------------------------
     0 | D:1      | javelincjr the Demonspawn Shapeshifter began the quest for
                  | the Orb.
     0 | D:1      | Reached XP level 1. HP: 15/15 MP: 1/1
   199 | D:1      | Gained mutation: You have a small tail. [demonic ancestry]
   199 | D:1      | Reached XP level 2. HP: 19/21 MP: 2/2
   274 | D:1      | Reached skill level 3 in Unarmed Combat
   728 | D:1      | Reached XP level 3. HP: 26/26 MP: 3/3
  1189 | D:2      | Noticed Natasha
  1196 | D:2      | Killed Natasha
  1197 | D:2      | Reached XP level 4. HP: 15/33 MP: 4/4
  1220 | D:2      | Noticed Natasha
  1229 | D:2      | Killed Natasha
  1431 | D:2      | Noticed Natasha
  1444 | D:2      | Killed Natasha
  1445 | D:2      | Gained mutation: A weak demonic guardian rushes to your
                  | aid. [demonic ancestry]
  1445 | D:2      | Reached XP level 5. HP: 23/38 MP: 5/5
  1816 | D:2      | Noticed Terence
  1822 | D:2      | Killed Terence
  2172 | D:3      | Found a sparkling altar of Nemelex Xobeh.
  2329 | D:3      | Reached skill level 4 in Unarmed Combat
  2592 | D:3      | Noticed Ijyb
  2623 | D:3      | Killed Ijyb
  2700 | D:3      | Gained mutation: You regenerate a little health from kills.
                  | [demonic ancestry]
  2700 | D:3      | Reached XP level 6. HP: 38/46 MP: 6/6
  3615 | D:4      | Found a broken altar of Ashenzari.
  3621 | D:4      | Found a hide-covered altar of Uskayaw.
  3621 | D:4      | Found an iron altar of Okawaru.
  3834 | D:5      | Entered Level 5 of the Dungeon
  3858 | D:5      | Reached XP level 7. HP: 50/52 MP: 7/7
  3915 | D:5      | Found a hazy altar of Hepliaklqana.
  3965 | D:5      | Found a staircase to the Ecumenical Temple.
  3987 | Temple   | Entered the Ecumenical Temple
  4008 | Temple   | Became a worshipper of the Wu Jian Council
  4047 | D:5      | Found a bloodstained altar of Trog.
  4063 | D:5      | Reached skill level 5 in Unarmed Combat
  4077 | D:5      | HP: 2/52 [gnoll/+0 spear (3)]
  4079 | D:5      | Slain by a gnoll

Illustrated notes

Levels and vault maps discovered:
D:1:      kilobyte_arrival_exit_the_forest, layout_basic, hex_intersection,
          roderic_roman_lattice, nrook_loot_triangle, dreamdust_princess_bridge
D:2:      cheibrodos_greedy_goblins, layout_loops_cross, kennysheep_potato,
          uniq_natasha, uniq_terence
D:3:      layout_basic, lemuel_doored_altar, uniq_ijyb
D:4:      layout_basic, grunt_temple_overflow_open
D:5:      layout_basic, mainiacjoe_overflow_24_doors, old_standard_altar,
          minmay_temple_entry_junction_2, chequers_serial_rivers_small_3
Temple:   dpeg_chambers_temple

Skill      XL: |  1  2  3  4  5  6  7 |
---------------+----------------------+-----
Dodging        | 2 3 |  3.3
Unarmed Combat | 3 4 5 |  5.0
Shapeshifting  | 3 4 |  4.8
Fighting       | 2 3 |  3.2

Action                     |  1- 3 |  4- 6 |  7- 9 || total
---------------------------+-------+-------+-------++-------
  Melee: Unarmed           |    97 |   199 |    43 ||   339
         Tailslap          |     8 |    28 |     8 ||    44
         Punch             |     2 |     2 |     2 ||     6
Ability: Lunge             |       |       |     1 ||     1
   Stab: Sleeping          |     4 |       |       ||     4
 Armour: Animal skin       |    37 |    27 |       ||    64
         Scale mail        |       |    65 |    35 ||   100
  Dodge: Dodged            |    42 |    93 |    31 ||   166
  Block: Other             |     9 |    42 |    15 ||    66
         Reflection        |       |     1 |       ||     1

Table legend: (Time is in decaauts)
 A = Elapsed time spent in this place.
 B = Non-inter-level travel time spent in this place.
 C = Inter-level travel time spent in this place.
 D = Time resting spent in this place.
 E = Time spent auto-exploring this place.
 F = Levels seen in this place.
 G = Mean time per level.
                   A        B        C        D        E       F      G
               +--------+--------+--------+--------+--------+-----+--------+
         Total |   4075 |   3901 |    174 |      0 |   3168 |   6 |  679.2 |
       Dungeon |   4032 |   3898 |    134 |      0 |   3168 |   5 |  806.4 |
        Temple |     42 |      2 |     40 |      0 |      0 |   1 |   42.0 |
               +--------+--------+--------+--------+--------+-----+--------+

Top non-repeatable levels by time:
     D:2: 1096 daAuts
     D:3: 1064 daAuts
     D:1: 1034 daAuts
     D:4: 639 daAuts
     D:5: 198 daAuts
  Temple: 42 daAuts
